 Dungeon Crawl Stone Soup version 0.18-a0-659-gb9673d2 (webtiles) character file.

1827231 Noname the Intangible (level 27, 165/165 HPs)
             Began as a Spriggan Conjurer on Dec 4, 2015.
             Was the Champion of Yredelemnul.
             Escaped with the Orb
             ... and 4 runes on Dec 10, 2015!
             The game lasted 10:22:51 (114653 turns).

Noname the Intangible (Spriggan Conjurer)         Turns: 114653, Time: 10:22:51

Health: 165/165    AC: 30    Str:  4    XL:     27
Magic:  47/47      EV: 46    Int: 33    God:    Yredelemnul [******]
Gold:   775        SH: 13    Dex: 27    Spells: 15 memorised, 0 levels left

rFire  + . .     SeeInvis +     i - +7 short sword "Mueguash" {distort, Int+3}
rCold  + . .     Clarity  .     l - +5 steam dragon armour
rNeg   + . .     SustAt   .     g - +3 buckler {AC+3}
rPois  +         Gourm    .     U - +0 mask of the Dragon {MR+ Slay+3 SInv}
rElec  +         Spirit   .     O - +2 cloak {rC+}
rCorr  .         Dismiss  .     (gloves unavailable)
rMut   .         Stasis   .     (boots unavailable)
MR     +++++                    M - amulet "Wikheysa" {Faith Int+3}
Stlth  ++++......               R - ring of Entidemu {rPois rN+ Str-2 Dex+8}
                                c - ring of Beauty {rElec rF+ Str+2 Stlth+}

@: icy armour, deflect missiles, drained, very quick, almost entirely resistant
to hostile enchantments, stealthy
A: unfitting armour, see invisible, herbivore 3, speed 3, robust 1, slow
metabolism 2
a: Recall Undead Slaves, Injury Mirror, Animate Dead, Drain Life, Enslave Soul,
Renounce Religion
0: Orb of Zot
}: 4/15 runes: decaying, serpentine, silver, abyssal


You escaped.
You worshipped Yredelemnul.
Yredelemnul was exalted by your worship.
You were very full.

You visited 12 branches of the dungeon, and saw 58 of its levels.
You visited the Abyss 2 times.
You visited 1 bazaar.
You also visited: Ossuary, Bailey and Ice Cave.

You collected 11474 gold pieces.
You spent 10699 gold pieces at shops.

Inventory:

Hand Weapons
 a - a +9 quick blade of electrocution
 i - the +7 short sword "Mueguash" (weapon) {distort, Int+3}
   (You found it on level 5 of the Vaults)

   It warps and distorts space around it.
   Unwielding it can cause banishment or high damage.
   It affects your intelligence (+3).
Missiles
 J - 16 tomahawks (quivered)
 T - 8 throwing nets {!f}
Armour
 g - a +3 buckler of protection (worn)
 l - a +5 steam dragon armour (worn)
 O - a +2 cloak of cold resistance (worn)
 U - the +0 mask of the Dragon (worn) {MR+ Slay+3 SInv}
   (You found it on level 9 of the Dungeon)

   It affects your accuracy and damage with ranged weapons and melee attacks
   (+3).
   It affects your resistance to hostile enchantments.
   It lets you see invisible.
Rods
 D - a +8 rod of shadows (12/12) {!a}
   (You found it on level 2 of the Depths)
 X - a +6 rod of shadows (14/14) {!a}
   (You found it on level 5 of the Vaults)
Jewellery
 c - the ring of Beauty (left hand) {rElec rF+ Str+2 Stlth+}
   (You found it on level 14 of the Dungeon)

   [ring of strength]

   It affects your strength (+2).
   It protects you from fire.
   It insulates you from electricity.
   It makes you more stealthy.
 G - the amulet "Fiyn Qas" {*Confuse +Rage +Fly Str+3 Dex+9}
   (You found it on level 5 of the Vaults)

   [amulet of rage]

   It affects your strength (+3).
   It affects your dexterity (+9).
   It lets you fly.
   It lets you go berserk.
   It may confuse you when you take damage.
 K - the ring "Xyrr" {rF+ Int+2}
   (You found it on level 2 of the Depths)

   [ring of protection from fire]

   It affects your intelligence (+2).
   It protects you from fire.
 M - the amulet "Wikheysa" (around neck) {Faith Int+3}
   (You found it on level 3 of the Crypt)

   [amulet of faith]

   It allows you to gain divine favour quickly.
   It affects your intelligence (+3).
 R - the ring of Entidemu (right hand) {rPois rN+ Str-2 Dex+8}
   (You bought it in a shop on level 13 of the Dungeon)

   [ring of positive energy]

   It affects your strength (-2).
   It affects your dexterity (+8).
   It protects you from poison.
   It protects you from negative energy.
Wands
 I - a wand of heal wounds (4)
 N - a wand of teleportation (4)
 Z - a wand of digging (9)
Scrolls
 h - 8 scrolls of recharging
 m - 8 scrolls of blinking
 o - a scroll of silence
 p - 5 scrolls of fear
 s - 27 scrolls of remove curse
 t - 3 scrolls of magic mapping
 z - 19 scrolls of teleportation
 L - 9 scrolls of identify
 P - 9 scrolls of fog
Potions
 e - 25 potions of curing
 j - 2 potions of resistance
 k - 9 potions of agility
 q - 13 potions of haste
 r - 10 potions of flight
 u - 5 potions of heal wounds
 w - 8 potions of brilliance
 x - 4 potions of cure mutation
 B - 13 potions of might
 H - 2 potions of cancellation
 W - 6 potions of magic
Miscellaneous
 d - a piece from Xom's chessboard
 f - a box of beasts {used: 7}
 n - a phial of floods (inert)
 v - a crystal ball of energy
 y - a fan of gales
 E - a box of beasts {used: 1}
 F - an ornate deck of changes {the Blade}
 Q - a lamp of fire
 S - the horn of Geryon
 V - an ornate deck of changes {the Alchemist, drawn: 1}
 Y - 2 phantom mirrors
Comestibles
 b - 11 fruits
 A - 13 slices of pizza
 C - 7 bread rations


   Skills:
 - Level 17.3(17.0) Fighting
 - Level 16.3(16.1) Short Blades
 - Level 12.3(12.1) Throwing
 - Level 7.2(7.0) Armour
 O Level 27(26.7) Dodging
 - Level 20.2(19.9) Stealth
 - Level 8.9(8.7) Shields
 - Level 19.0(18.8) Spellcasting
 + Level 14.0(13.8) Conjurations
 - Level 10.0(9.8) Hexes
 - Level 18.2(18.0) Charms
 - Level 10.1(9.9) Necromancy
 - Level 9.0(8.8) Translocations
 - Level 11.0(10.8) Ice Magic
 - Level 10.0(9.8) Air Magic
 - Level 6.3(6.1) Invocations
 - Level 21.0(20.7) Evocations


You couldn't memorise any spells.
You knew the following spells:

 Your Spells              Type           Power        Failure   Level  Hunger
a - Ozocubu's Armour      Chrm/Ice       #######.     0%          3    None
b - Dazzling Spray        Conj/Hex       #######.     1%          3    None
c - Regeneration          Chrm/Necr      #######...   0%          3    None
d - Apportation           Tloc           ######....   1%          1    None
e - Orb of Destruction    Conj           #######...   3%          7    ###....
g - Bolt of Draining      Conj/Necr      #######...   1%          5    None
h - Deflect Missiles      Chrm/Air       #######...   1%          6    None
i - Summon Butterflies    Summ           ####....     1%          1    None
j - Invisibility          Hex            #######.     3%          6    None
k - Passage of Golubria   Tloc           N/A          1%          4    None
l - Freezing Cloud        Conj/Ice/Air   #######...   1%          6    None
m - Dispel Undead         Necr           #######.     1%          5    None
n - Blink                 Tloc           N/A          1%          2    None
o - Haste                 Chrm           ########     1%          6    None
p - Dispersal             Tloc           ######....   6%          6    None


Dungeon Overview and Level Annotations

Branches:
Dungeon (15/15)            Temple (1/1) D:5            Lair (8/8) D:9
  Swamp (4/4) Lair:5        Snake (4/4) Lair:6        Slime (0/6) Lair:8
    Orc (4/4) D:10            Elf (3/3) Orc:3        Vaults (5/5) D:14
  Crypt (3/3) Vaults:3       Tomb (0/3) Crypt:3      Depths (5/5) D:15
   Hell (1/1)                 Dis (0/7) Hell            Zot (5/5) Depths:5
    Geh: Hell:1         Coc: Hell:1         Tar: Hell:1

Altars:
Ashenzari
Cheibriados
Dithmenos
Elyvilon
Fedhas
Gozag
Kikubaaqudgha
Makhleb
Nemelex Xobeh
Okawaru
Pakellas
Qazlal
Ru
Sif Muna
Trog
Vehumet
Xom
Yredelemnul
Zin
The Shining One
Beogh

Shops:
D:7 *   D:9 (:   D:11 !   D:12 %   D:13 *   Orc:4 }:%[   Vaults:1 :
Vaults:5 (

Portals:
Hell: Depths:1 Depths:2 Depths:3 Depths:4 Depths:5
Abyss: Depths:1 Depths:2 Depths:3 Depths:4
Pandemonium: Depths:3
Ziggurat: Depths:1
Trove: Elf:1 (give 2 scrolls of acquirement)

Annotations:
D:3 Conn321's ghost, amateur CeWr
D:4 PeterLawrence's ghost, amateur GrFi
D:9 exclusion: killer bee
Elf:2 1 runed door


Innate Abilities, Weirdness & Mutations

You are tiny and cannot use many weapons and most armour.
You have supernaturally acute eyesight.
You are a herbivore.
You cover ground extremely quickly.
You need consume almost no food.
You are robust (+10% HP).


Message History

You climb upwards.
There is a stone staircase leading down here.
(D) Dungeon (T) Temple (L) Lair (S) Swamp (P) Snake Pit (M) Slime Pits (O) Orcish Mines (E) Elven Halls (V) Vaults (C) Crypt (W) Tomb (U) Depths (H) Hell (I) Dis (Z) Zot
Where to? (* - list waypoints, Enter - D:1, ? - help) You're already here!
Magic restored.
A smoke demon comes into view.
MP restored: 47 A rat comes into view.
There is an open door here.
You close the door.
You block the rat's attack. The rat completely misses you.
You see here 25 bolts.
There is an open door here.
You close the door.
There is a staircase leading out of the dungeon here.
You have escaped!

.# #.......##..r......# .#
###'###########...##
########'###########.r.#####
#.÷.................⌠.##..#
##....)................##..#
.'.........##########..##..#
##.........# ########...'..#
#....%....# #.....##..##..#
#.........# #..@..+...##..#
#.........# #.....##..##..#
#.........##########..#####
#..........#########..#
#....................##
#.........############
#.........# ###########


There were no monsters in sight!

Vanquished Creatures
  5 ancient liches
  5 orbs of fire
  An iron giant (Depths:5)
  Margery (Vaults:4)
  2 curse toes (Zot:5)
  6 Killer Klowns
  Geryon (Hell)
  17 golden dragons
  Nikola (Swamp:2)
  5 bone dragons
  2 electric golems
  The ghost of 4thArraOfDagon the Victor of a Thousand Battles, an adept DsHu of Okawaru (Vaults:5)
  A hellephant (Depths:1)
  Rupert (D:12)
  12 tentacled monstrosities
  19 Orb Guardians (Zot:5)
  8 liches
  4 deep elf blademasters
  2 titans (Vaults:5)
  3 quicksilver dragons
  A deep elf master archer (Elf:3)
  2 tentacled starspawn
  4 sphinxes
  8 death cobs
  Agnes (Elf:1)
  18 storm dragons
  6 ancient champions
  3 revenants
  8 shadow dragons
  3 draconian monks
  Wiglaf (Vaults:2)
  8 fire giants
  7 tengu reavers
  2 iron dragons
  12 greater nagas
  3 draconian scorchers
  7 deep elf sorcerers
  Maud (D:12)
  3 draconian knights
  17 vault wardens
  9 draconian zealots
  The ghost of Archteshnor the Grappler, an adept VSMo of Okawaru (Snake:4)
  7 ghost moths
  3 curse skulls
  11 frost giants
  2 balrugs
  8 draconian shifters
  6 ghouls
  4 ironheart preservers
  7 draconian annihilators
  2 war gargoyles
  9 very ugly things
  24 stone giants
  4 reapers
  2 draconian callers
  2 lorocyprocas
  2 salamander stormcallers
  Nessos (D:15)
  10 green draconians
  10 deep elf demonologists
  7 black draconians
  3 red draconians (Zot:4)
  5 vampire knights
  6 deep elf annihilators
  5 yellow draconians
  Azrael (D:15)
  7 mottled draconians
  2 dire elephants (Lair:8)
  6 purple draconians
  6 white draconians
  6 spark wasps
  5 blizzard demons
  Snorg (Lair:3)
  4 eidola
  27 vault guards
  5 deep elf death magi
  2 mummy priests (Crypt:3)
  Josephine (D:15)
  19 fire dragons
  15 ettins
  7 yaktaur captains
  9 great orbs of eyes
  5 deep elf high priests
  17 jiangshi
  3 rakshasas
  14 ogre magi
  A quicksilver dragon skeleton (Crypt:2)
  2 death knights
  4 entropy weavers
  18 naga warriors
  17 ice dragons
  12 hydras
  A ghost crab (Swamp:4)
  7 centaur warriors
  4 alligators
  7 anacondas
  12 dancing weapons
  6 vampire magi
  A satyr (shapeshifter) (Vaults:1)
  6 death yaks
  2 tengu warriors
  7 deep troll earth magi
  9 deep troll shamans
  4 thrashing horrors
  4 shock serpents
  A spriggan berserker (Depths:3)
  13 naga sharpshooters
  2 orc high priests (Orc:4)
  A storm dragon zombie (Crypt:3)
  9 soul eaters
  11 sun demons
  11 hell knights
  2 hell hogs
  2 iron golems (Hell)
  17 slime creatures
  8 deep elf knights
  A wretched star (Abyss:4)
  A shadow wraith (Crypt:3)
  A salamander mystic (Snake:4)
  36 skeletal warriors
  A fire crab (Vaults:4)
  17 deep trolls
  4 iron trolls
  A storm dragon skeleton (Vaults:3)
  6 deep elf summoners
  A shadow demon (Abyss:4)
  An anaconda zombie (Crypt:1)
  3 spatial maelstroms (Abyss:4)
  5 swamp dragons
  3 fire crabs (shapeshifter)
  3 deep trolls (shapeshifter)
  12 starcursed masses
  6 naga ritualists
  An unseen horror (shapeshifter) (Vaults:4)
  5 unseen horrors
  2 spectral hydras (Swamp:2)
  4 harpies (Vaults:2)
  2 wizards (D:14)
  10 flayed ghosts
  An orange crystal statue (Depths:1)
  8 necromancers
  A shambling mangrove (Swamp:1)
  2 hill giants (D:15)
  2 lindwurms (Depths:2)
  3 giant orange brains
  13 phantasmal warriors
  A wolf spider zombie (Vaults:1)
  A shadow dragon zombie (Abyss:2)
  A tengu zombie (Depths:4)
  2 death drakes
  6 griffons
  8 orc knights
  10 mana vipers
  2 hornets
  12 ironbrand convokers
  39 ugly things
  2 stone giant zombies
  16 deep elf conjurers
  A human zombie (Vaults:1)
  2 worldbinders (Abyss:4)
  2 wolf spiders
  4 oklob plants (Elf:1)
  4 sixfirhies
  A frost giant zombie (Crypt:1)
  21 moths of wrath
  5 cyclopes
  A salamander (shapeshifter) (Vaults:4)
  2 water nymphs (shapeshifter)
  A fire giant skeleton (Vaults:3)
  3 manticores
  3 orc sorcerers
  A guardian serpent (Snake:1)
  26 naga magi
  6 salamanders
  8 vault sentinels
  A stone giant skeleton (Vaults:1)
  2 naga zombies (Snake:4)
  14 elephants
  An iron dragon skeleton (Crypt:2)
  9 smoke demons
  An ice statue (IceCv)
  A shock serpent zombie (Crypt:2)
  An eye of devastation (shapeshifter) (Vaults:3)
  Psyche (D:11)
  A torpor snail (Lair:8)
  2 orange demons
  A shock serpent skeleton (Crypt:3)
  26 black mambas
  11 rust devils
  A spiny frog (shapeshifter) (D:15)
  11 spiny frogs
  2 efreet (Depths:5)
  A hellion (Hell)
  2 storm dragon simulacra
  3 kobold demonologists (D:13)
  2 demonic crawlers (Abyss:4)
  58 yaktaurs
  4 fire drakes
  3 swamp worm zombies (Swamp:2)
  6 komodo dragons
  An alligator snapping turtle skeleton (Crypt:1)
  3 jumping spiders
  23 guardian mummies
  12 deep elf priests
  An iron troll zombie (Crypt:2)
  2 hellwings
  12 ice devils
  An ancient zyme (Abyss:4)
  A jumping spider (shapeshifter) (D:14)
  2 tengu conjurers
  A wolf spider simulacrum (IceCv)
  An entropy weaver zombie (Crypt:1)
  4 red devils
  A polar bear (Lair:5)
  A queen bee (shapeshifter) (Vaults:1)
  8 freezing wraiths
  7 raiju (Abyss:4)
  2 anaconda simulacra (IceCv)
  3 giant leeches
  A troll (D:11)
  2 golden dragon simulacra
  A boulder beetle (shapeshifter) (Vaults:3)
  6 boulder beetles
  A raiju (shapeshifter) (Vaults:2)
  17 two-headed ogres
  7 ushabtiu (Crypt:3)
  An ettin zombie (Crypt:1)
  An ice dragon zombie (Crypt:2)
  16 blink frogs
  2 hydra skeletons (Crypt:2)
  13 large abominations
  An iron dragon simulacrum (Crypt:1)
  14 bog bodies
  A spectral swamp dragon (Swamp:2)
  8 flying skulls
  A fire dragon skeleton (Crypt:2)
  2 spriggans
  3 tarantellas
  A trapdoor spider (D:15)
  3 wyverns
  11 redbacks
  A spriggan simulacrum (Depths:5)
  24 yaks
  2 basilisks (Lair:7)
  20 deep elf magi
  A trapdoor spider (shapeshifter) (Zot:3)
  A spriggan (shapeshifter) (Vaults:2)
  2 spriggan skeletons (Depths:2)
  4 ynoxinuls (Abyss:4)
  An ice dragon skeleton (Abyss:2)
  3 chaos spawn (Abyss:4)
  2 hungry ghosts (D:13)
  A vampire (Crypt:3)
  2 humans (shapeshifter)
  2 shadows
  A hippogriff (shapeshifter) (Vaults:4)
  A hill giant zombie (D:15)
  6 fire elementals
  39 deep elf fighters
  2 humans (D:14)
  A neqoxec (Abyss:4)
  8 wraiths
  A redback simulacrum (Vaults:1)
  22 vampire mosquitoes
  6 harpy simulacra
  5 wargs
  A spatial vortex (Abyss:4)
  A mottled dragon (D:11)
  36 nagas
  11 wolves
  A deep troll zombie (Vaults:1)
  3 hell hounds
  15 swamp worms
  A wolf (shapeshifter) (Depths:5)
  An insubstantial wisp (Swamp:1)
  2 iron troll simulacra (IceCv)
  26 orc warriors
  5 hydra simulacra (IceCv)
  A spiny frog zombie (Swamp:2)
  A deep troll skeleton (Crypt:3)
  13 hippogriffs
  15 water moccasins
  4 ettin simulacra (IceCv)
  12 swamp drakes
  6 sky beasts
  3 black bears
  An elephant zombie (Crypt:2)
  A lindwurm zombie (Crypt:1)
  41 ogres
  An eye of draining (shapeshifter) (Vaults:5)
  7 ice beasts
  10 porcupines
  An alligator simulacrum (IceCv)
  3 necrophages (Crypt:3)
  2 phantoms (D:10)
  An elf zombie (Elf:1)
  A tengu (shapeshifter) (Elf:3)
  5 boggarts
  24 centaurs
  A hog zombie (Crypt:1)
  A manticore skeleton (Crypt:1)
  2 elf simulacra
  A snapping turtle skeleton (Crypt:2)
  16 crocodiles
  2 big kobolds (D:10)
  Blork the orc (D:5)
  2 yaktaur zombies (Vaults:1)
  16 giant frogs
  A yaktaur skeleton (Vaults:1)
  A cyclops zombie (Crypt:3)
  2 wyvern zombies
  A scorpion (shapeshifter) (Vaults:5)
  10 small abominations
  6 scorpions
  A glowing shapeshifter simulacrum (Depths:2)
  2 wyvern skeletons
  A troll zombie (Swamp:2)
  4 spriggan zombies (Swamp:2)
  5 killer bees (D:11)
  6 electric eels
  17 wights
  5 quasits
  A troll skeleton (Crypt:3)
  2 draconian simulacra (IceCv)
  A giant frog zombie (D:9)
  7 crimson imps
  4 centaur skeletons
  13 jellies
  A two-headed ogre zombie (Vaults:3)
  3 iron imps
  5 hounds
  3 giant frog skeletons
  A wasp zombie (D:10)
  23 orc wizards
  9 hell rats
  9 iguanas
  15 orc priests
  12 worker ants
  A centaur simulacrum (IceCv)
  A killer bee zombie (D:8)
  11 sheep (Lair:1)
  2 troll simulacra (IceCv)
  A wolf simulacrum (IceCv)
  A sky beast zombie (Crypt:1)
  A hound zombie (D:9)
  A naga skeleton (Crypt:1)
  An ogre skeleton (Crypt:2)
  2 felid zombies (Crypt:2)
  A worker ant zombie (D:14)
  8 mummies
  A naga simulacrum (IceCv)
  A gnoll (D:7)
  A swamp drake zombie (Depths:2)
  9 adders
  5 ogre simulacra (IceCv)
  76 river rats
  7 shadow imps
  11 white imps
  5 oozes
  9 ufetubi
  A sheep zombie (Crypt:1)
  7 worms (D:2)
  3 adder skeletons
  An adder zombie (Ossuary)
  A halfling skeleton (Crypt:3)
  An iguana zombie (Crypt:3)
  6 giant geckos
  149 orcs
  8 bats
  A bat skeleton (Crypt:2)
  A bat zombie (Crypt:2)
  6 giant cockroaches
  15 goblins
  13 hobgoblins
  11 jackals
  7 quokkas
  A ball python skeleton (Ossuary)
  A ball python zombie (Crypt:3)
  6 giant newts
  4 hobgoblin skeletons (Ossuary)
  A jackal zombie (Crypt:3)
  26 kobolds
  An orc skeleton (Ossuary)
  A quokka zombie (D:5)
  13 rats
  A fulminant prism (D:14)
  2 fungi
  A lost soul (Crypt:3)
  6 plants
2514 creatures vanquished.

Vanquished Creatures (collateral kills)
  An orb of fire (Zot:4)
  Mara (Vaults:3)
  2 juggernauts (Depths:5)
  A greater mummy (Crypt:3)
  Frederick (Vaults:2)
  the Lernaean hydra (Swamp:4)
  Saint Roka (Elf:2)
  A curse toe (Zot:4)
  3 Killer Klowns (Zot:3)
  A profane servitor (Snake:4)
  A lich (Vaults:5)
  2 tentacled monstrosities
  3 Orb Guardians (Zot:5)
  2 titans
  A deep elf blademaster (Elf:2)
  A deep elf master archer (Elf:3)
  A quicksilver dragon (Vaults:5)
  A death cob (Zot:2)
  Gastronok (Lair:1)
  4 tengu reavers
  A shadow dragon (Vaults:5)
  2 draconian monks
  A storm dragon (Zot:4)
  Roxanne (Swamp:1)
  2 sphinxes
  2 greater nagas (Snake:4)
  5 fire giants
  5 frost giants
  Donald (Orc:4)
  A draconian knight (Depths:2)
  A deep elf sorcerer (Vaults:4)
  2 vault wardens
  Aizul (Swamp:1)
  Louise (Elf:2)
  2 draconian shifters (Zot:3)
  2 draconian scorchers
  2 reapers
  A curse skull (Crypt:1)
  A cacodemon (Abyss:4)
  4 draconian zealots
  3 ironheart preservers
  A war gargoyle (Hell)
  A very ugly thing (Depths:5)
  5 stone giants
  A salamander stormcaller (Vaults:4)
  3 draconian callers
  3 green draconians
  4 deep elf demonologists
  2 dire elephants (Lair:8)
  2 yellow draconians
  6 mottled draconians
  2 deep elf annihilators
  2 black draconians
  A white draconian (Zot:5)
  11 vault guards
  A purple draconian (Zot:2)
  2 deep elf death magi (Elf:3)
  4 ettins
  2 mummy priests (Crypt:3)
  3 fire dragons
  2 yaktaur captains (Vaults:5)
  2 ice dragons
  An entropy weaver (Depths:4)
  A deep elf high priest (Depths:4)
  3 rakshasas
  7 naga warriors
  8 hydras
  8 anacondas
  A juggernaut simulacrum (Depths:5)
  A ghost crab (Swamp:1)
  A vampire mage (D:15)
  4 tengu warriors
  8 dancing weapons
  A spriggan berserker (Depths:3)
  2 alligators
  A death yak (Lair:7)
  An orc high priest (Orc:4)
  7 naga sharpshooters
  5 deep elf knights
  3 deep troll shamans
  A shadow wraith (Vaults:4)
  A sun demon (Depths:5)
  A deep troll earth mage (D:15)
  4 shock serpents
  2 iron trolls
  5 swamp dragons
  4 hell knights
  4 skeletal warriors
  A storm dragon skeleton (Crypt:1)
  A golden dragon zombie (Depths:5)
  11 deep trolls
  A flayed ghost (Depths:4)
  A torturous demonspawn (Depths:3)
  2 sea snakes (Snake:2)
  A spriggan druid (Swamp:2)
  2 spectral hydras (Swamp:2)
  2 orc knights (Bailey)
  5 naga ritualists
  2 hill giants
  4 ironbrand convokers
  5 necromancers
  3 phantasmal warriors (Vaults:5)
  A harpy (Vaults:2)
  2 deep elf conjurers
  A cyclops (Vaults:2)
  3 mana vipers
  An orb spider (shapeshifter) (Vaults:4)
  2 orc sorcerers (Orc:4)
  A griffon (Vaults:3)
  11 ugly things
  An iron dragon skeleton (Crypt:1)
  3 salamanders
  2 iron giant simulacra
  3 moths of wrath
  5 elephants
  10 naga magi
  5 rust devils
  3 guardian serpents
  A salamander (shapeshifter) (Vaults:1)
  A centaur zombie (D:12)
  3 ice statues
  4 vault sentinels
  12 black mambas
  A torpor snail (Lair:6)
  A centaur skeleton (D:15)
  A smoke demon (Hell)
  An orange demon (Abyss:4)
  2 spiny frogs
  6 yaktaurs
  A swamp worm zombie (Swamp:2)
  2 ice devils (Depths:5)
  10 guardian mummies (Crypt:3)
  2 komodo dragons
  A tengu conjurer (Depths:4)
  2 freezing wraiths
  3 deep elf priests
  A jumping spider (D:15)
  3 slime creatures
  16 bog bodies
  2 ushabtiu (Crypt:3)
  2 boulder beetles
  A snapping turtle (shapeshifter) (Elf:2)
  A flying skull (Depths:5)
  A raiju (Abyss:4)
  2 tarantellas (Depths:4)
  A spectral swamp dragon (Swamp:2)
  8 blink frogs
  4 shadows
  6 redbacks
  10 yaks
  A deep elf mage (Elf:2)
  A wyvern (D:15)
  A vampire (Crypt:1)
  A water elemental (Depths:1)
  2 giant leech zombies (Swamp:2)
  3 wraiths
  3 fire elementals (D:15)
  6 deep elf fighters (Elf:2)
  2 wolves (Lair:3)
  A basilisk (Lair:8)
  A hippogriff (D:15)
  12 vampire mosquitoes (Swamp:1)
  A hippogriff (shapeshifter) (Depths:1)
  18 insubstantial wisps (Swamp:1)
  2 spiny frog zombies (Swamp:2)
  4 water moccasins
  15 nagas
  A mottled dragon (D:13)
  A porcupine (Lair:5)
  3 swamp worms
  A deep troll skeleton (Vaults:3)
  A naga skeleton (Snake:4)
  2 hell hounds (Depths:5)
  8 orc warriors
  5 swamp drakes
  A wasp (Swamp:1)
  3 boggarts (Depths:4)
  10 ogres
  4 centaurs
  A large abomination (Swamp:2)
  2 crocodiles
  A yaktaur zombie (Vaults:3)
  A human zombie (Vaults:3)
  5 giant frogs
  3 big kobolds
  A naga zombie (Snake:4)
  A troll zombie (Swamp:2)
  A wight (D:12)
  3 crimson imps
  4 orc priests
  2 starcursed masses (Abyss:4)
  5 orc wizards
  2 hounds
  2 hell rats (Depths:1)
  2 sheep (Lair:1)
  6 mummies (Crypt:3)
  18 river rats
  A shadow imp (Depths:3)
  A white imp (Hell)
  44 orcs
  A kobold (D:13)
  13 fungi
  A lurking horror (Abyss:4)
  7 plants
665 creatures vanquished.

Vanquished Creatures (others)
  5 profane servitors
  7 bone dragons
  An Orb Guardian (Zot:5)
  A draconian knight (Zot:1)
  A draconian scorcher (Depths:5)
  A juggernaut zombie (Depths:5)
  7 ghouls
  5 Killer Klown zombies
  3 vampire knights
  A white draconian (Zot:5)
  A red draconian (Zot:1)
  A mottled draconian (Zot:5)
  A deep elf high priest (Vaults:5)
  An iron giant zombie (Depths:5)
  34 dancing weapons
  A deep troll earth mage (Depths:2)
  A titan zombie (Vaults:5)
  6 storm dragon zombies
  A deep elf knight (Elf:2)
  4 golden dragon zombies
  4 anaconda zombies
  6 skeletal warriors
  3 very ugly thing zombies
  A spark wasp zombie (Depths:5)
  A ghost moth zombie (Zot:4)
  27 human zombies
  A wizard (Depths:1)
  4 shadow dragon zombies
  5 tengu zombies
  4 flayed ghosts
  2 sphinx zombies (Vaults:5)
  13 phantasmal warriors
  3 frost giant zombies (Vaults:5)
  12 ugly thing zombies
  An iron dragon zombie (Depths:5)
  2 fire giant zombies
  9 draconian zombies
  A worldbinder (Abyss:4)
  6 stone giant zombies
  A stone giant skeleton (Depths:1)
  3 shock serpent zombies
  A rust devil (Hell)
  A titan simulacrum (Depths:5)
  A naga mage (Snake:4)
  2 mottled draconian zombies
  2 red draconian zombies
  A death yak zombie (Lair:6)
  An elf skeleton (Elf:3)
  2 yellow draconian zombies
  A black draconian zombie (Zot:3)
  4 green draconian zombies
  A purple draconian zombie (Zot:4)
  A white draconian zombie (Zot:4)
  2 swamp worm zombies
  4 iron troll zombies
  3 redback zombies (Snake:1)
  A harpy zombie (Vaults:2)
  A ghoul skeleton (Zot:5)
  An entropy weaver zombie (Depths:4)
  6 hydra zombies
  4 moth of wrath zombies
  5 fire dragon zombies
  A jumping spider zombie (Depths:2)
  A griffon zombie (Lair:7)
  2 ice dragon zombies (Zot:4)
  A tarantella zombie (Depths:1)
  4 ettin zombies
  13 vampires
  11 flying skulls
  A wraith (Lair:8)
  11 black mamba zombies
  A hill giant zombie (D:15)
  A spriggan zombie (Swamp:2)
  2 salamander zombies
  10 ogre zombies
  A hell hound (Hell)
  14 deep troll zombies
  2 spiny frog zombies
  2 human skeletons
  7 elephant zombies
  4 blink frog zombies
  24 elf zombies
  3 swamp dragon zombies (Swamp:4)
  A manticore zombie (D:15)
  A ghost crab zombie (Swamp:4)
  6 vampire mosquito zombies
  19 yaktaur zombies
  A komodo dragon zombie (Lair:8)
  2 hell hound zombies (Depths:5)
  A cyclops zombie (D:14)
  A salamander skeleton (Snake:2)
  4 yak zombies
  A hippogriff skeleton (Lair:8)
  2 wights
  A wolf zombie (Lair:5)
  8 centaur zombies
  3 giant frog zombies
  3 two-headed ogre zombies
  A giant frog skeleton (Lair:1)
  An orc wizard (Orc:4)
  10 bog body skeletons
  2 porcupine zombies
  A hell rat (Depths:1)
  3 killer bee zombies (D:11)
  4 crocodile zombies
  23 naga zombies
  A mottled dragon skeleton (D:13)
  2 ogre skeletons (Vaults:5)
  A hound zombie (D:4)
  A mummy (Swamp:1)
  A worker ant zombie (D:4)
  9 swamp drake zombies
  An electric eel zombie (Snake:2)
  An adder zombie (D:10)
  An iguana zombie (D:4)
  2 sheep skeletons (Lair:1)
  An orc (Orc:1)
  4 river rat zombies (Lair:7)
  A kobold skeleton (D:10)
  3 kobold zombies
  5 orc skeletons (Elf:2)
  9 orc zombies
  A fire vortex (Abyss:4)
  368 fulminant prisms
  47 fungi
  4 lost souls
  A lurking horror (Abyss:4)
  29 plants
  9 starspawn tentacles
  212 starspawn tentacle segments (Abyss:4)
1166 creatures vanquished.

Grand Total: 4345 creatures vanquished

Notes
Turn   | Place    | Note
--------------------------------------------------------------
     0 | D:1      | Noname the Spriggan Conjurer began the quest for the Orb.
     0 | D:1      | Reached XP level 1. HP: 9/9 MP: 5/5
   321 | D:1      | Reached XP level 2. HP: 13/13 MP: 0/7
  1042 | D:2      | Found a burning altar of Makhleb.
  1170 | D:2      | Reached XP level 3. HP: 16/16 MP: 2/8
  1323 | D:1      | Learned a level 3 spell: Dazzling Spray
  1938 | D:2      | Reached skill level 4 in Dodging
  1938 | D:2      | Reached XP level 4. HP: 15/21 MP: 3/10
  1943 | D:2      | HP: 1/21 [giant gecko (3)]
  2725 | D:2      | Found an opulent altar of Gozag.
  2727 | D:2      | Found a shadowy altar of Dithmenos.
  2821 | D:2      | Found a basalt altar of Yredelemnul.
  3397 | D:2      | Became a worshipper of Yredelemnul the Dark
  3447 | D:3      | Noticed Conn321's ghost (amateur CeWr)
  3679 | D:3      | Reached XP level 5. HP: 24/24 MP: 8/12
  3921 | D:3      | Reached skill level 1 in Hexes
  3927 | D:3      | Learned a level 4 spell: Fulminant Prism
  3984 | D:3      | Found a sparkling altar of Nemelex Xobeh.
  4391 | D:4      | Reached skill level 5 in Dodging
  4454 | D:4      | Reached * piety under Yredelemnul
  4835 | D:4      | Reached XP level 6. HP: 16/28 MP: 0/13
  4874 | D:4      | Noticed PeterLawrence's ghost (amateur GrFi)
  5098 | D:4      | Found a sand-covered staircase.
  5104 | Ossuary  | Entered an ossuary
  5374 | Ossuary  | Noticed a flying skull
  5374 | Ossuary  | Noticed a wraith
  5412 | Ossuary  | Noticed a wraith
  5942 | Ossuary  | Noticed a flying skull
  5951 | Ossuary  | Noticed a wraith
  6281 | D:4      | Reached skill level 5 in Spellcasting
  6612 | D:4      | Reached skill level 6 in Dodging
  6612 | D:4      | Reached XP level 7. HP: 32/32 MP: 0/15
  7147 | D:5      | Entered Level 5 of the Dungeon
  7233 | D:5      | Noticed Blork the orc
  7426 | D:5      | Found an oddly glowing altar of Pakellas.
  7496 | D:5      | Found a glowing golden altar of the Shining One.
  7496 | D:5      | Found a glowing silver altar of Zin.
  7496 | D:5      | Found a white marble altar of Elyvilon.
  7498 | D:5      | Found a stormy altar of Qazlal.
  7552 | D:5      | Found a blossoming altar of Fedhas.
  7792 | D:5      | Reached skill level 7 in Dodging
  7860 | D:5      | Found a staircase to the Ecumenical Temple.
  7872 | Temple   | Entered the Ecumenical Temple
  8132 | D:5      | Killed Blork the orc
  8444 | D:6      | Reached XP level 8. HP: 30/36 MP: 8/18
  8613 | D:6      | Reached skill level 5 in Conjurations
  8613 | D:6      | Reached skill level 5 in Hexes
  9063 | D:6      | Found a shimmering altar of Xom.
  9071 | D:6      | Learned a level 5 spell: Iskenderun's Battlesphere
  9112 | D:6      | Reached skill level 8 in Dodging
  9285 | D:6      | Found an ancient bone altar of Kikubaaqudgha.
  9323 | D:6      | Reached skill level 1 in Fighting
  9704 | D:7      | Found Zuzxot's Assorted Antiques.
  9711 | D:7      | Bought a steaming buckler for 180 gold pieces
  9711 | D:7      | Bought a scroll labeled COFARA SOGET for 19 gold pieces
  9711 | D:7      | Bought a blue potion for 17 gold pieces
  9711 | D:7      | Bought a long glass wand for 76 gold pieces
  9711 | D:7      | Bought a sapphire potion for 17 gold pieces
  9716 | D:7      | Identified the +0 buckler "Meurabam" {Str+3} (You bought it in a shop on level 7 of the Dungeon)
 10099 | D:7      | Reached skill level 1 in Shields
 10257 | D:7      | Reached skill level 1 in Short Blades
 10471 | D:7      | Bought 2 scrolls labeled MUYRPH MILA for 38 gold pieces
 10626 | D:8      | Reached XP level 9. HP: 31/43 MP: 12/19
 11940 | D:8      | Reached ** piety under Yredelemnul
 12237 | D:9      | Found Zapuud's Antique Weapon Shoppe.
 12296 | D:9      | Found Omaoxus's Book Emporium.
 12339 | D:9      | Found a staircase to the Lair.
 12461 | D:9      | Found a glowing silver altar of Zin.
 13102 | D:9      | Learned a level 3 spell: Tukima's Dance
 13106 | D:9      | Learned a level 3 spell: Regeneration
 13408 | D:9      | Reached skill level 5 in Stealth
 13727 | D:10     | Entered Level 10 of the Dungeon
 13892 | D:10     | Reached XP level 10. HP: 47/50 MP: 9/20
 13924 | D:10     | Found a staircase to the Orcish Mines.
 14066 | D:10     | Reached skill level 5 in Short Blades
 14351 | D:10     | Reached *** piety under Yredelemnul
 14362 | D:10     | Found a roughly hewn altar of Beogh.
 14880 | D:10     | Noticed an unseen horror
 15366 | D:10     | Reached skill level 5 in Fighting
 15616 | D:10     | Killed an unseen horror
 15711 | D:11     | Noticed a cyclops
 15742 | D:11     | Noticed a white ugly thing
 15771 | Orc:1    | Entered Level 1 of the Orcish Mines
 15785 | Orc:1    | Received a gift from Yredelemnul
 16242 | Orc:1    | Reached **** piety under Yredelemnul
 16268 | Orc:1    | Found a bloodstained altar of Trog.
 16383 | Orc:2    | Received a gift from Yredelemnul
 16387 | Orc:2    | Found Nim Rerph's Magic Scroll Emporium.
 16403 | Orc:2    | Bought a scroll of blinking for 120 gold pieces
 16403 | Orc:2    | Bought a scroll of identify for 32 gold pieces
 16403 | Orc:2    | Bought a scroll of fear for 56 gold pieces
 16403 | Orc:2    | Bought a scroll of teleportation for 48 gold pieces
 16403 | Orc:2    | Bought a scroll of teleportation for 48 gold pieces
 16403 | Orc:2    | Bought a scroll of amnesia for 56 gold pieces
 16412 | Orc:2    | Bought a scroll of enchant weapon for 120 gold pieces
 16795 | Orc:2    | Found an iron altar of Okawaru.
 16945 | Orc:1    | Received a gift from Yredelemnul
 17292 | Orc:3    | Found a staircase to the Elven Halls.
 17721 | Orc:4    | Entered Level 4 of the Orcish Mines
 17893 | Orc:4    | Noticed Donald
 17909 | Orc:4    | Noticed an orc knight
 18298 | Orc:4    | Killed an orc knight
 18298 | Orc:4    | Reached skill level 5 in Shields
 18362 | Orc:4    | Reached XP level 11. HP: 51/56 MP: 18/24
 18420 | Orc:4    | Noticed an orc high priest
 18523 | Orc:4    | Reached ***** piety under Yredelemnul
 18537 | Orc:4    | Killed an orc high priest
 18705 | Orc:4    | Noticed an orc high priest
 19197 | Orc:4    | Reached skill level 9 in Short Blades
 19215 | Orc:4    | Noticed an orc high priest
 19238 | Orc:4    | Noticed a soul eater
 19440 | Orc:4    | Killed an orc high priest
 19621 | Orc:4    | Received a gift from Yredelemnul
 19892 | Orc:4    | Killed Donald
 20217 | Orc:4    | Noticed a soul eater
 20229 | Orc:4    | Killed an orc high priest
 20229 | Orc:4    | Reached skill level 10 in Short Blades
 20240 | Orc:4    | Found Xois's Gadget Emporium.
 20240 | Orc:4    | Found Quhes's Antique Armour Shop.
 20242 | Orc:4    | Found Wieluip's Food Shop.
 20242 | Orc:4    | Found Tialoal's Book Emporium.
 20256 | Orc:4    | Bought a bread ration for 50 gold pieces
 20421 | Orc:4    | Bought a wand of teleportation (4) for 336 gold pieces
 20421 | Orc:4    | Bought a wand of heal wounds (4) for 672 gold pieces
 20584 | Orc:4    | Received a gift from Yredelemnul
 20892 | Orc:4    | Bought a bread ration for 50 gold pieces
 20892 | Orc:4    | Bought a bread ration for 50 gold pieces
 20892 | Orc:4    | Bought a bread ration for 50 gold pieces
 21030 | Lair:1   | Entered Level 1 of the Lair of Beasts
 21434 | Lair:1   | Reached XP level 12. HP: 48/60 MP: 13/25
 21781 | Lair:1   | Received a gift from Yredelemnul
 21916 | Lair:1   | Noticed Gastronok
 21943 | Lair:1   | Killed Gastronok
 22862 | Lair:2   | Reached skill level 1 in Invocations
 23093 | Lair:2   | Reached ****** piety under Yredelemnul
 23093 | Lair:2   | Received a gift from Yredelemnul
 23680 | Orc:2    | Bought a scroll of enchant armour for 120 gold pieces
 24079 | Lair:3   | Noticed Snorg
 24206 | Lair:3   | Got an ichor-stained blowgun
 24207 | Lair:3   | Identified the +8 blowgun "Aloripn" {speed, rElec MR++ Stlth-} (You found it on level 3 of the Lair of Beasts)
 24820 | Lair:3   | Killed Snorg
 24820 | Lair:3   | Received a gift from Yredelemnul
 24902 | Lair:3   | Reached skill level 10 in Dodging
 25943 | Lair:5   | Found a staircase to the Swamp.
 25994 | Lair:5   | Reached skill level 5 in Invocations
 26126 | Lair:5   | Reached skill level 11 in Dodging
 26182 | Lair:5   | Received a gift from Yredelemnul
 26346 | Lair:5   | Noticed a five-headed hydra
 26365 | Lair:5   | Reached XP level 13. HP: 65/67 MP: 21/26
 26864 | Lair:6   | Received a gift from Yredelemnul
 27469 | Lair:6   | Found a staircase to the Snake Pit.
 27539 | Lair:6   | Reached skill level 12 in Dodging
 27557 | Lair:6   | Identified Uclu's Guide on Attacks and Snow (You found it on level 6 of the Lair of Beasts)
 27562 | Lair:6   | Learned a level 3 spell: Ozocubu's Armour
 27650 | Lair:6   | Reached skill level 1 in Charms
 27938 | Lair:2   | Received a gift from Yredelemnul
 28095 | Orc:2    | Bought a scroll of torment for 120 gold pieces
 28095 | Orc:2    | Bought a scroll of vulnerability for 120 gold pieces
 28381 | Lair:6   | Reached skill level 1 in Ice Magic
 28977 | Lair:7   | Received a gift from Yredelemnul
 29426 | Lair:7   | Reached skill level 13 in Dodging
 30265 | Lair:8   | Entered Level 8 of the Lair of Beasts
 30815 | Lair:8   | Found a staircase to the Slime Pits.
 31258 | Lair:8   | Reached XP level 14. HP: 61/74 MP: 24/27
 31259 | Lair:8   | Received a gift from Yredelemnul
 31903 | Lair:8   | Received a gift from Yredelemnul
 32159 | Lair:8   | Received a gift from Yredelemnul
 32376 | Lair:8   | Reached skill level 14 in Dodging
 32510 | Lair:8   | Learned a level 1 spell: Apportation
 32512 | Lair:8   | Learned a level 1 spell: Summon Butterflies
 32921 | D:11     | Found Vowuc's Distillery.
 32926 | D:11     | Bought a potion of resistance for 160 gold pieces
 32926 | D:11     | Bought a potion of agility for 64 gold pieces
 32926 | D:11     | Bought a potion of ambrosia for 128 gold pieces
 33215 | D:11     | Noticed Psyche
 33273 | D:11     | Killed Psyche
 33989 | D:11     | Reached skill level 10 in Stealth
 34226 | D:12     | Noticed Maud
 34252 | D:12     | Killed Maud
 34427 | D:12     | Received a gift from Yredelemnul
 34519 | D:12     | Found Woletuamo's Food Emporium.
 34723 | D:12     | Learned a level 6 spell: Invisibility
 34751 | D:12     | Noticed Rupert
 34768 | D:12     | Killed Rupert
 34910 | D:13     | Found a flagged portal.
 34938 | Bailey   | Entered a bailey
 34963 | Bailey   | Received a gift from Yredelemnul
 35111 | Bailey   | Received a gift from Yredelemnul
 35233 | Bailey   | Got a faintly humming large shield
 35495 | D:13     | Reached skill level 1 in Necromancy
 35573 | D:13     | Received a gift from Yredelemnul
 35582 | D:13     | Found a white marble altar of Elyvilon.
 35582 | D:13     | Found Poak's Hallowed Reliquary.
 35582 | D:13     | Noticed an angel
 35694 | D:13     | Reached skill level 15 in Dodging
 36533 | D:14     | Received a gift from Yredelemnul
 36579 | D:14     | Got a heavily runed brass ring
 36580 | D:14     | Identified the ring of Beauty {rElec rF+ Str+2 Stlth+} (You found it on level 14 of the Dungeon)
 37081 | Swamp:1  | Entered Level 1 of the Swamp
 37106 | Swamp:1  | Found a frozen archway.
 37183 | IceCv    | Entered an ice cave
 38623 | IceCv    | Reached skill level 5 in Charms
 38623 | IceCv    | Reached XP level 15. HP: 80/80 MP: 16/29
 39537 | IceCv    | Reached skill level 10 in Spellcasting
 39624 | IceCv    | Identified Ecuatzet's Guide on the Glacier
 39895 | Swamp:1  | Received a gift from Yredelemnul
 40318 | Swamp:1  | Noticed Roxanne
 40342 | Swamp:1  | Killed Roxanne
 40347 | Swamp:1  | Identified Roxanne's Disquisition on Unstable Clay (You took it off Roxanne on level 1 of the Swamp)
 40523 | Swamp:1  | Noticed Aizul
 40536 | Swamp:1  | Killed Aizul
 40683 | Swamp:1  | Reached skill level 10 in Fighting
 40862 | Swamp:1  | Got a translucent dagger
 40863 | Swamp:1  | Identified the +8 dagger "Ultimatum" {pierce, rN++ Str+4 Stlth-} (You found it on level 1 of the Swamp)
 41696 | Swamp:2  | Noticed Nikola
 42039 | Snake:1  | Entered Level 1 of the Snake Pit
 42080 | Snake:1  | Reached skill level 16 in Dodging
 42978 | Snake:1  | Noticed a greater naga
 43080 | Snake:1  | Killed a greater naga
 43644 | Snake:1  | Received a gift from Yredelemnul
 43874 | Snake:1  | Noticed a greater naga
 43891 | Snake:1  | Killed a greater naga
 44771 | Snake:2  | Reached XP level 16. HP: 86/86 MP: 29/32
 45145 | D:13     | Bought the ring of Entidemu {rPois rN+ Str-2 Dex+8} for 788 gold pieces
 45147 | D:13     | Bought a potion of heal wounds for 90 gold pieces
 45563 | Snake:2  | Received a gift from Yredelemnul
 46009 | Snake:2  | Reached skill level 17 in Dodging
 46041 | Snake:2  | Reached skill level 1 in Throwing
 46041 | Snake:2  | Received a gift from Yredelemnul
 46110 | Snake:2  | Reached skill level 1 in Translocations
 46589 | Snake:2  | Received a gift from Yredelemnul
 47294 | Snake:3  | Reached skill level 5 in Throwing
 47376 | Snake:3  | Reached skill level 5 in Translocations
 47398 | Snake:3  | Received a gift from Yredelemnul
 48510 | Snake:4  | Entered Level 4 of the Snake Pit
 48733 | Snake:3  | Received a gift from Yredelemnul
 48794 | Snake:4  | Noticed Archteshnor's ghost (adept VSMo)
 49230 | Snake:4  | Killed Archteshnor's ghost
 49375 | Snake:4  | Reached skill level 18 in Dodging
 50275 | Snake:4  | Reached XP level 17. HP: 85/93 MP: 0/34
 50374 | Snake:4  | Received a gift from Yredelemnul
 50547 | Snake:4  | Received a gift from Yredelemnul
 51474 | Snake:4  | Received a gift from Yredelemnul
 51514 | Snake:4  | Reached skill level 10 in Throwing
 51887 | Snake:4  | Killed a profane servitor
 52219 | Snake:4  | Received a gift from Yredelemnul
 52235 | Snake:4  | Reached skill level 19 in Dodging
 52289 | Snake:4  | Got a serpentine rune of Zot
 53386 | Swamp:4  | Entered Level 4 of the Swamp
 53744 | Swamp:4  | Received a gift from Yredelemnul
 54223 | Swamp:4  | Received a gift from Yredelemnul
 54236 | Swamp:4  | Noticed the 27-headed Lernaean hydra
 54241 | Swamp:4  | Killed the 27-headed Lernaean hydra
 54278 | Swamp:4  | Got a decaying rune of Zot
 54692 | Swamp:2  | Killed Nikola
 54841 | Swamp:2  | Upgraded the game from 0.18-a0-640-g2c992fa to 0.18-a0-659-gb9673d2
 54854 | Swamp:2  | Reached XP level 18. HP: 99/99 MP: 31/35
 55086 | Swamp:2  | Your ally Nikola died
 55493 | Elf:1    | Entered Level 1 of the Elven Halls
 55710 | Elf:1    | Identified the Reference Book on Confrontation (You found it on level 1 of the Elven Halls)
 55796 | Elf:1    | Noticed Agnes
 55889 | Elf:1    | Found a portal to a secret trove of treasure.
 56698 | Lair:1   | Learned a level 4 spell: Passage of Golubria
 56821 | Elf:1    | Killed Agnes
 57869 | Elf:2    | Noticed Saint Roka
 58032 | Elf:2    | Received a gift from Yredelemnul
 58355 | Elf:2    | Killed Saint Roka
 58457 | Elf:2    | Reached skill level 20 in Dodging
 58601 | Elf:2    | Found a runed door.
 58633 | Elf:2    | Found a runed door.
 59044 | Elf:2    | Killed Louise
 59221 | Elf:3    | Entered Level 3 of the Elven Halls
 59274 | Elf:3    | Reached skill level 10 in Hexes
 59963 | Elf:3    | Received a gift from Yredelemnul
 60287 | Lair:1   | Learned a level 6 spell: Freezing Cloud
 60911 | D:14     | Reached skill level 1 in Air Magic
 60963 | D:14     | Found a gate to the Vaults.
 60984 | D:14     | Received a gift from Yredelemnul
 61151 | D:15     | Entered Level 15 of the Dungeon
 61380 | D:15     | Received a gift from Yredelemnul
 61387 | D:15     | Noticed Azrael
 61404 | D:15     | Killed Azrael
 61410 | D:15     | Reached XP level 19. HP: 73/104 MP: 2/36
 61519 | D:15     | Identified the Tome of Virous Transmutation (You found it on level 15 of the Dungeon)
 61546 | D:15     | Noticed Josephine
 61548 | D:15     | Found a staircase to the Depths.
 61747 | D:15     | Noticed Nessos
 61758 | D:15     | Killed Nessos
 61914 | D:15     | Killed Josephine
 62051 | D:15     | Received a gift from Yredelemnul
 62242 | Vaults:1 | Entered Level 1 of the Vaults
 62242 | Vaults:1 | Found Ufuteora's Book Boutique.
 62762 | Vaults:1 | Reached skill level 21 in Dodging
 63008 | Vaults:1 | Got an ivory scimitar
 63010 | Vaults:1 | Identified the +10 scimitar of Subterfuge {drain, rElec MP+9} (You found it on level 1 of the Vaults)
 63370 | Vaults:1 | Received a gift from Yredelemnul
 63879 | Vaults:1 | Reached skill level 5 in Air Magic
 64701 | Vaults:2 | Reached skill level 5 in Ice Magic
 64824 | Vaults:2 | Received a gift from Yredelemnul
 65006 | Vaults:2 | Noticed Wiglaf
 65049 | Vaults:2 | Killed Wiglaf
 65103 | Vaults:2 | Received a gift from Yredelemnul
 65178 | Vaults:2 | Noticed Frederick
 65198 | Vaults:2 | Killed Frederick
 65949 | Vaults:3 | Reached XP level 20. HP: 100/109 MP: 30/37
 66257 | Vaults:3 | Noticed Mara
 66301 | Vaults:3 | Received a gift from Yredelemnul
 66419 | Vaults:3 | Found a staircase to the Crypt.
 66503 | Vaults:3 | Noticed Noname's illusion
 66906 | Depths:1 | Entered Level 1 of the Depths
 67406 | Elf:3    | Received a gift from Yredelemnul
 68196 | Elf:3    | Received a gift from Yredelemnul
 68198 | Elf:3    | Got an ancient ivory amulet
 69041 | Elf:2    | Identified the amulet "Mige Ylu" {rCorr SInv} (You took it off a deep elf blademaster on level 3 of the Elven Halls)
 69464 | Elf:3    | Identified Getiarph's Papyrus of Damaging Flight
 69485 | Elf:3    | Identified the Catalogue of Conjuration
 69494 | Elf:3    | Identified the Almanac of Blistering Conjuration
 70275 | Vaults:3 | Noticed Noname's illusion
 70280 | Vaults:3 | Killed Mara
 70464 | Vaults:3 | Received a gift from Yredelemnul
 70874 | Vaults:4 | Received a gift from Yredelemnul
 71332 | Vaults:4 | Found a gateway to a bazaar.
 71452 | Vaults:4 | Received a gift from Yredelemnul
 71517 | Vaults:4 | Noticed Margery
 71537 | Vaults:4 | Killed Margery
 71537 | Vaults:4 | Received a gift from Yredelemnul
 71656 | Vaults:4 | Reached XP level 21. HP: 94/113 MP: 2/39
 71656 | Vaults:4 | Received a gift from Yredelemnul
 72047 | Vaults:4 | Was placed under penance by Yredelemnul
 72052 | Vaults:4 | Reached skill level 10 in Conjurations
 72379 | Crypt:1  | Entered Level 1 of the Crypt
 73606 | Crypt:2  | Identified a scroll of acquirement
 73891 | Crypt:2  | Reached skill level 10 in Ice Magic
 75142 | Crypt:3  | Entered Level 3 of the Crypt
 75810 | Crypt:3  | Was forgiven by Yredelemnul
 76078 | Crypt:3  | Found a staircase to the Tomb.
 76284 | Crypt:3  | Identified the Grimoire of Black Magic (You found it on level 3 of the Crypt)
 76307 | Crypt:3  | Learned a level 5 spell: Dispel Undead
 76454 | Crypt:3  | Received a gift from Yredelemnul
 76618 | Crypt:3  | Noticed a greater mummy
 76638 | Crypt:3  | Killed a greater mummy
 77110 | Crypt:3  | Identified a cursed +4 rod of the swarm (12/12) {!a} (You found it on level 3 of the Crypt)
 77133 | Crypt:3  | Identified the Compendium of Damaging Ice (You found it on level 3 of the Crypt)
 77136 | Crypt:3  | Got a twitching sapphire amulet
 77137 | Crypt:3  | Identified the amulet "Wikheysa" {Faith Int+3} (You found it on level 3 of the Crypt)
 77254 | Crypt:3  | Got a sparkling ivory ring
 78046 | Lair:1   | Identified the ring "Plog" {rF+ AC+1} (You found it on level 3 of the Crypt)
 78407 | Bazaar   | Entered a bazaar
 78408 | Bazaar   | Found Cyfeinee's Antique Weapon Boutique.
 78408 | Bazaar   | Found Ugiurali's Jewellery Shop.
 78456 | Bazaar   | Found Jaumad's Jewellery Boutique.
 78456 | Bazaar   | Found Lanuo's Food Shop.
 78537 | Bazaar   | Bought the amulet of Etousiut {Spirit rElec rF- Int+5} for 902 gold pieces
 78537 | Bazaar   | Bought an uncursed amulet of regeneration for 570 gold pieces
 78537 | Bazaar   | Bought the ring "Ekkuehack" {*Drain rC++ Int+4 SInv Stlth+} for 856 gold pieces
 79271 | Orc:2    | Bought a scroll of enchant weapon for 120 gold pieces
 79271 | Orc:2    | Bought a scroll of enchant weapon for 120 gold pieces
 79438 | Depths:1 | Found a gateway to a ziggurat.
 79513 | D:15     | Received a gift from Yredelemnul
 79693 | Lair:1   | Learned a level 6 spell: Deflect Missiles
 79901 | D:15     | Reached XP level 22. HP: 77/109 MP: 37/41
 80204 | Depths:1 | Reached skill level 22 in Dodging
 80262 | Depths:1 | Found a one-way gate to the infinite horrors of the Abyss.
 80367 | Depths:1 | Received a gift from Yredelemnul
 80434 | Depths:1 | Found a gateway to Hell.
 80479 | Depths:1 | Reached skill level 10 in Air Magic
 80533 | Depths:1 | Received a gift from Yredelemnul
 80857 | Depths:2 | Reached skill level 5 in Necromancy
 81275 | Depths:2 | Reached skill level 23 in Dodging
 81300 | Depths:2 | Gained mutation: You are agile. (Dex +2) [potion of beneficial mutation]
 81403 | Depths:2 | Received a gift from Yredelemnul
 83288 | Depths:2 | Reached skill level 24 in Dodging
 83288 | Depths:2 | Received a gift from Yredelemnul
 83622 | Depths:2 | Identified a +5 rod of shadows (9/9) {!a} (You found it on level 2 of the Depths)
 83624 | Depths:2 | Got a sparkling glass ring
 83625 | Depths:2 | Identified the ring "Xyrr" {rF+ Int+2} (You found it on level 2 of the Depths)
 83626 | Depths:2 | Identified Pavuuff's Disquisition on the Icy Oath (You found it on level 2 of the Depths)
 83830 | Depths:3 | Found a one-way gate leading to the halls of Pandemonium.
 84344 | Depths:3 | Received a gift from Yredelemnul
 84776 | Depths:3 | Reached skill level 1 in Evocations
 85358 | Depths:3 | Reached skill level 25 in Dodging
 85382 | Depths:3 | Received a gift from Yredelemnul
 85903 | Depths:4 | Reached skill level 5 in Evocations
 85964 | Depths:4 | Reached XP level 23. HP: 110/113 MP: 6/42
 86371 | Depths:4 | Received a gift from Yredelemnul
 86616 | Depths:4 | Reached skill level 26 in Dodging
 86692 | Depths:4 | Got a crude hat
 86693 | Depths:4 | Identified the +1 hat "Zabukly" {-Tele rPois SInv Stlth+} (You found it on level 4 of the Depths)
 87007 | Depths:4 | Reached skill level 1 in Armour
 87087 | Depths:5 | Entered Level 5 of the Depths
 87109 | Depths:5 | Received a gift from Yredelemnul
 87302 | Depths:5 | Found a blossoming altar of Fedhas.
 87528 | Depths:5 | Received a gift from Yredelemnul
 87608 | Depths:5 | Found a basalt altar of Yredelemnul.
 87709 | Depths:5 | Reached skill level 10 in Evocations
 88161 | Depths:5 | Got a shadowed robe
 88162 | Depths:5 | Identified the +2 robe of Voj Ere {rC+ Regen+ rCorr Int-2} (You found it on level 5 of the Depths)
 88218 | Depths:5 | Received a gift from Yredelemnul
 88895 | Depths:5 | Found an oddly glowing altar of Pakellas.
 89135 | Depths:5 | Noticed an iron giant
 89472 | Depths:5 | Received a gift from Yredelemnul
 89794 | Depths:5 | Noticed a juggernaut
 89844 | Depths:5 | Received a gift from Yredelemnul
 89862 | Depths:5 | Killed a juggernaut
 89862 | Depths:5 | Reached XP level 24. HP: 130/130 MP: 42/42
 89907 | Depths:5 | Reached skill level 5 in Armour
 89968 | Depths:5 | Found a shattered altar of Ashenzari.
 89977 | Depths:5 | Reached skill level 15 in Spellcasting
 90070 | Depths:5 | Found a gate to the Realm of Zot.
 90189 | Depths:5 | Received a gift from Yredelemnul
 90200 | Depths:5 | Reached skill level 15 in Fighting
 90403 | Depths:5 | Noticed a juggernaut
 90473 | Depths:5 | Killed a juggernaut
 91021 | Orc:4    | Bought a book of Minor Magic for 220 gold pieces
 91024 | Orc:4    | Learned a level 2 spell: Blink
 91435 | Elf:3    | Learned a level 5 spell: Bolt of Draining
 91943 | Vaults:5 | Entered Level 5 of the Vaults
 91976 | Vaults:4 | Your ally Margery died
 92188 | Vaults:5 | Got a silver rune of Zot
 92197 | Vaults:5 | Got a vibrating diamond amulet
 92198 | Vaults:5 | Identified the amulet "Fiyn Qas" {*Confuse +Rage +Fly Str+3 Dex+9} (You found it on level 5 of the Vaults)
 92225 | Vaults:5 | Identified Ejosekh's Catalogue of Boosting Orientation
 92248 | Vaults:5 | Received a gift from Yredelemnul
 93162 | Vaults:5 | Received a gift from Yredelemnul
 93211 | Vaults:5 | Found Lifukh's Weapon Emporium.
 93344 | Vaults:5 | Got a smoking pewter ring
 93366 | Vaults:5 | Identified the ring "Ahudeil" {*Corrode rC- Int+2 Dex+8 Stlth-} (You took it off a tengu reaver on level 5 of the Vaults)
 93472 | Vaults:5 | Noticed 4thArraOfDagon's ghost (adept DsHu)
 93505 | Vaults:5 | Received a gift from Yredelemnul
 93727 | Vaults:5 | Got a brightly glowing pewter ring
 93728 | Vaults:5 | Identified the ring "Uxom" {Wiz rPois Dex+4} (You took it off a vault guard on level 5 of the Vaults)
 93901 | Vaults:5 | Killed 4thArraOfDagon's ghost
 93933 | Vaults:5 | Received a gift from Yredelemnul
 94100 | Vaults:5 | Reached XP level 25. HP: 130/137 MP: 30/45
 94281 | Vaults:5 | Noticed an ancient lich
 94290 | Vaults:5 | Killed an ancient lich
 94726 | Vaults:5 | Received a gift from Yredelemnul
 94768 | Vaults:5 | Got a slimy short sword {distort}
 94769 | Vaults:5 | Identified the +7 short sword "Mueguash" {distort, Int+3} (You found it on level 5 of the Vaults)
 95064 | Lair:1   | Learned a level 6 spell: Haste
 95330 | Zot:1    | Entered Level 1 of the Realm of Zot
 95791 | Zot:1    | Reached skill level 10 in Charms
 96504 | Zot:2    | Received a gift from Yredelemnul
 96821 | Zot:2    | Reached skill level 15 in Stealth
 97356 | Zot:3    | Received a gift from Yredelemnul
 97445 | Zot:3    | Received a gift from Yredelemnul
 97465 | Zot:3    | Reached skill level 15 in Charms
 98085 | Zot:3    | Reached XP level 26. HP: 144/144 MP: 33/47
 98103 | Zot:3    | Received a gift from Yredelemnul
 98387 | Zot:4    | Received a gift from Yredelemnul
 98440 | Zot:4    | Reached skill level 15 in Short Blades
 98509 | Zot:4    | Noticed an orb of fire
 98535 | Zot:4    | Killed an orb of fire
 98720 | Zot:4    | Received a gift from Yredelemnul
 99761 | Zot:4    | Received a gift from Yredelemnul
100045 | Zot:5    | Entered Level 5 of the Realm of Zot
100584 | Zot:5    | Noticed an ancient lich
100587 | Zot:5    | Killed an ancient lich
100670 | Zot:5    | Noticed an ancient lich
100673 | Zot:5    | Killed an ancient lich
100673 | Zot:5    | Reached skill level 27 in Dodging
101055 | Zot:5    | Received a gift from Yredelemnul
101082 | Zot:5    | Reached skill level 10 in Necromancy
101103 | Zot:5    | Noticed an orb of fire
101693 | Vaults:5 | Identified a +6 rod of shadows (14/14) {!a} (You found it on level 5 of the Vaults)
102221 | Depths:1 | Voluntarily entered the Abyss.
102468 | Depths:1 | Escaped the Abyss
102474 | Depths:1 | Voluntarily entered the Abyss.
102713 | Abyss:2  | Reached XP level 27. HP: 150/150 MP: 6/47
103030 | Abyss:4  | Found a corrupted altar of Lugonu.
103141 | Abyss:4  | Received a gift from Yredelemnul
103327 | Abyss:4  | Found a corrupted altar of Lugonu.
104093 | Abyss:4  | Reached skill level 15 in Evocations
104129 | Abyss:4  | Paralysed by accursed screaming for 1 turns
104310 | Abyss:4  | Got an abyssal rune of Zot
104524 | Depths:1 | Escaped the Abyss
104760 | Zot:5    | Noticed an orb of fire
104764 | Zot:5    | Gained mutation: You are weak. (Str -2) [an orb of fire]
104906 | Zot:5    | Received a gift from Yredelemnul
104914 | Zot:5    | Killed an orb of fire
105068 | Zot:5    | Noticed an orb of fire
105088 | Zot:5    | Gained mutation: You are dopey. (Int -2) [an orb of fire]
105427 | Zot:4    | Gained mutation: Your spells are a little easier to cast, but a little less powerful. [an orb of fire]
105934 | Zot:5    | Noticed an ancient lich
105986 | Zot:5    | Killed an ancient lich
105986 | Zot:5    | Gained mutation: Your body sometimes deteriorates upon taking damage. [an orb of fire]
106610 | D:11     | Received a gift from Yredelemnul
106800 | Elf:3    | Learned a level 6 spell: Dispersal
107760 | Vaults:5 | Got a spiked swamp dragon armour
107771 | Vaults:5 | Identified the +1 swamp dragon armour "Sehaom" {rPois Dex+6} (You acquired it on level 5 of the Vaults)
107796 | Vaults:5 | Noticed an ancient lich
107802 | Vaults:5 | Killed an ancient lich
108016 | Hell     | Entered the Vestibule of Hell
108016 | Hell     | Noticed Geryon
109142 | Hell     | Killed Geryon
109309 | Hell     | Lost mutation: You are agile. (Dex +2) [potion of cure mutation]
109309 | Hell     | Lost mutation: You are dopey. (Int -2) [potion of cure mutation]
109309 | Hell     | Lost mutation: Your body sometimes deteriorates upon taking damage. [potion of cure mutation]
109309 | Hell     | Lost mutation: You are weak. (Str -2) [potion of cure mutation]
109606 | Hell     | Found a gateway to the Iron City of Dis.
109911 | Zot:5    | Noticed an orb of fire
110291 | Zot:5    | Noticed an orb of fire
110344 | Zot:5    | Noticed an orb of fire
110359 | Zot:5    | Gained mutation: You are weak. (Str -2) [an orb of fire]
110365 | Zot:5    | Gained mutation: Your magical capacity is low (-10% MP). [an orb of fire]
110514 | Zot:4    | Lost strength.
110514 | Zot:4    | Gained mutation: You are very weak. (Str -4) [an orb of fire]
110526 | Zot:3    | Lost mutation: You are very weak. (Str -4) [potion of cure mutation]
110526 | Zot:3    | Lost mutation: Your spells are a little easier to cast, but a little less powerful. [potion of cure mutation]
110526 | Zot:3    | Lost mutation: Your magical capacity is low (-10% MP). [potion of cure mutation]
110779 | Zot:5    | Noticed an orb of fire
110805 | Zot:5    | Gained mutation: You are dopey. (Int -2) [an orb of fire]
110806 | Zot:5    | Gained mutation: Your spells are a little easier to cast, but a little less powerful. [an orb of fire]
110814 | Zot:5    | Gained mutation: Your body sometimes deteriorates upon taking damage. [an orb of fire]
110917 | Zot:5    | Gained mutation: Your magical capacity is low (-10% MP). [an orb of fire]
110971 | Zot:4    | Gained mutation: Your magical capacity is very low (-20% MP). [an orb of fire]
111060 | Zot:5    | Gained mutation: You occasionally shout uncontrollably at your foes. [an orb of fire]
111521 | Zot:5    | Gained mutation: You are occasionally teleported next to monsters. [an orb of fire]
111796 | D:13     | Bought a potion of cure mutation for 630 gold pieces
111796 | D:13     | Bought 2 potions of cure mutation for 1260 gold pieces
111796 | D:13     | Bought 2 potions of cure mutation for 1260 gold pieces
111911 | D:11     | Bought a potion of agility for 64 gold pieces
111911 | D:11     | Bought a potion of brilliance for 64 gold pieces
111911 | D:11     | Bought a potion of haste for 160 gold pieces
111911 | D:11     | Bought a potion of cure mutation for 560 gold pieces
111911 | D:11     | Bought a potion of cancellation for 128 gold pieces
111911 | D:11     | Bought a potion of haste for 160 gold pieces
111998 | Lair:1   | Learned a level 7 spell: Orb of Destruction
112325 | Zot:4    | Killed an orb of fire
112326 | Zot:4    | Lost mutation: Your magical capacity is very low (-20% MP). [potion of cure mutation]
112326 | Zot:4    | Lost mutation: You are weak. (Str -2) [potion of cure mutation]
112326 | Zot:4    | Lost mutation: You are dopey. (Int -2) [potion of cure mutation]
112327 | Zot:4    | Lost mutation: You occasionally shout uncontrollably at your foes. [potion of cure mutation]
112327 | Zot:4    | Lost mutation: Your magical capacity is low (-10% MP). [potion of cure mutation]
112327 | Zot:4    | Lost mutation: Your body sometimes deteriorates upon taking damage. [potion of cure mutation]
112327 | Zot:4    | Lost mutation: Your spells are a little easier to cast, but a little less powerful. [potion of cure mutation]
112598 | Zot:5    | Gained mutation: Your magical capacity is low (-10% MP). [an orb of fire]
112603 | Zot:5    | Killed an orb of fire
112678 | Zot:5    | Gained mutation: You are frail (-10% HP). [an orb of fire]
112743 | Zot:4    | Lost mutation: You are frail (-10% HP). [potion of cure mutation]
112743 | Zot:4    | Lost mutation: Your magical capacity is low (-10% MP). [potion of cure mutation]
112743 | Zot:4    | Lost mutation: You are occasionally teleported next to monsters. [potion of cure mutation]
113134 | Zot:5    | Killed an orb of fire
113650 | Zot:5    | Gained mutation: You are robust (+10% HP). [an orb of fire]
113652 | Zot:5    | Killed an orb of fire
113846 | Zot:5    | Got the Orb of Zot
114563 | D:2      | Noticed Jelott the pandemonium lord
114579 | D:2      | Noticed a seraph
114653 | D:$      | Escaped with the Orb!

Vault maps used:
D:1:      dpeg_arrival_rooms_a
D:2:      lemuel_crystal_altar, grunt_temple_overflow_open, first_bread,
          minmay_liquid_box, minmay_mini_jars
D:3:      nicolae_overflow_crystal_walls
D:4:      lightli_ossuary_entry_decrepit_ruins
D:5:      good_gods_mini_temple, grunt_temple_overflow_forces_of_nature,
          grunt_pakellas_salt, minmay_temple_entry_junction, uniq_blork_the_orc
D:6:      kennysheep_mini, old_standard_altar, minmay_hedge_maze
D:7:      serial_shops, shop
D:9:      lair_0_dummy, serial_shops, shop, shop, basic_altar
D:10:     orc_0_dummy
D:11:     serial_shops, kennysheep_little_box, serial_corexii_hall,
          corexii_hall_statues_u, corexii_hall_statues_x,
          corexii_hall_statues_t, corexii_hall_statues_l,
          corexii_hall_statues_l, corexii_hall_statues_l, the_bakery,
          uniq_psyche
D:12:     serial_shops, shop, uniq_maud, uniq_rupert
D:13:     enter_bailey_3, minmay_misc_feat_ornament, nicolae_good_shop
D:14:     grunt_vaults_entry_fortified, minmay_misc_feat_tower
D:15:     hangedman_depths_entry_civil_slaughter, stair_cage_line,
          hangedman_decor_clover_reticule, glass_columns_c, uniq_josephine,
          uniq_azrael, uniq_nessos
Temple:   temple_island_7
Lair:1:   uniq_gastronok
Lair:2:   kennysheep_abandoned_house, fungi_pond_lemuel
Lair:3:   st_stairs_13, beast_lair_carwin_1, bh_autumn_forest_stairs, uniq_snorg
Lair:4:   serial_bayou_shore_a
Lair:5:   swamp_mist, forest_entry_grove
Lair:6:   dummy_snake_entry, grunt_megastairs_2
Lair:8:   due_jungle_book, nicolae_slime_entry_slimehenge,
          nicolae_quartered_pool_medium
Swamp:1:  portal_ice_cave_entry_ice_statue_02, evilmike_swamp_ruin_house_4,
          uniq_roxanne, uniq_aizul
Swamp:2:  cheibrodos_swamp_mausoleum, evilmike_swamp_ruin_rubble_2, uniq_nikola
Swamp:3:  infiniplex_staircase_pool, swamp_pool2
Swamp:4:  grunt_swamp_rune_castle
Snake:1:  nicolae_snake_hallway, spider_trap
Snake:2:  serial_bayou_lake_a
Snake:3:  hangedman_snake_thin_pillar_pass, lemuel_fruit_tree
Snake:4:  snake_pit, hangedman_snake_pattern, grunt_ministairs_3
Orc:1:    bloody_trog
Orc:2:    serial_shops, nicolae_shop_temple_entry_statues_fountains,
          okawaru_metal_pillars_1_2
Orc:3:    serial_shops, nicolae_orc_pool_cavern
Orc:4:    grunt_orc_tribal_feast, uniq_donald
Elf:1:    dpeg_oklob_gauntlet, nicolae_trove_entry_diagonal,
          minmay_elf_annihilation, minmay_misc_feat_pillars, uniq_agnes
Elf:2:    uniq_louise, uniq_saint_roka
Elf:3:    elf_hall_gauntlet_narrow, grunt_megastairs_4
Vaults:1: v_pattern_4, hangedman_vaults_pinch, ontoclasm_vaults_ring_small,
          dpeg_vaults_monster_box, vaults_dpeg_diagonal,
          ontoclasm_vaults_claustrophobia, nicolae_vaults_little_squares_2,
          grunt_vaults_hallway_long, nicolae_vaults_gold_heap, vaults_dpeg_ring,
          nicolae_vaults_alarming, serial_shops, nicolae_shop_statue_plus
Vaults:2: v_misc_32, v_misc_24, hangedman_vaults_corner_blocks,
          vaults_standard_mumra_x, hangedman_vaults_nails, v_rooms_6,
          ontoclasm_vaults_spin, hangedman_vaults_corner_blocks,
          ontoclasm_vaults_decontamination, v_misc_10, vaults_room_pool,
          ontoclasm_vaults_twist, uniq_wiglaf, uniq_frederick
Vaults:3: ontoclasm_vaults_tryst, nicolae_vaults_theta,
          hangedman_vaults_variations, vaults_room_stairs_pillars,
          minmay_crypt_entry_simple_box, ontoclasm_vaults_fault, v_misc_28,
          vaults_dpeg_cross, vaults_standard_mumra_enter_the_diamond,
          nicolae_vaults_yaktaur_gun_rack, nicolae_vaults_little_squares_5,
          v_rooms_4, nicolae_vaults_ninety_degrees, hangedman_vaults_impose,
          uniq_mara
Vaults:4: nicolae_vaults_what_the_h, hangedman_vaults_trim,
          ontoclasm_vaults_bender, v_alt_pattern_1, hangedman_vaults_corner,
          v_misc_18, vaults_dpeg_encased_lava, hangedman_vaults_stream,
          vaults_room_hangedman_quadrants, vaults_room_boxed,
          vaults_room_octagon, vaults_dpeg_hooks, v_misc_17, v_misc_8,
          nicolae_vaults_little_squares_5, nicolae_vaults_shelves_hall,
          vaults_room_hallway, serial_shops, statue_bzr, uniq_margery
Crypt:1:  grunt_crypt_arrival_guarded_gate
Crypt:2:  grunt_megastairs_3
Crypt:3:  due_elkab, nicolae_tomb_entry_rubble_hallway
Depths:1: enter_ziggurat_e, hangedman_abyss_entry_splay, hell_entry,
          minmay_protected_statue, firewood_loft
Depths:2: gold_lair_mu, abyss_entry, hell_entry
Depths:3: kennysheep_windowed_halls, hell_entry,
          minmay_staircase_statues_hall_large, abyss_entry,
          grunt_pan_entry_zigzag
Depths:4: minmay_crescents, hell_entry, abyss_entry_crystal,
          hangedman_decor_growths, minmay_misc_feat_chi
Depths:5: grunt_profane_halls, hell_entry
Zot:2:    st_single_dragon_hoard_2
Zot:3:    hangedman_zot_vaults_quadrants, nicolae_lava_and_water
Zot:4:    kennysheep_ambush_hall
Zot:5:    hangedman_zot_decor_checkerboard
Abyss:3:  grunt_abyss_exit_deep_breaths, kb_abyss_rune_zappy
Abyss:4:  evilmike_abyss_rune_ettins, due_exit_kobolds
Bazaar:   bazaar_jpeg_ribbon
Ossuary:  ossuary_due_cavern
Bailey:   bailey_polearm_1, bailey
IceCv:    ice_cave_caverns_01

Action                   |  1- 3 |  4- 6 |  7- 9 | 10-12 | 13-15 | 16-18 | 19-21 | 22-24 | 25-27 || total
-------------------------+-------+-------+-------+-------+-------+-------+-------+-------+-------++-------
Melee: Unarmed           |     2 |       |       |       |       |       |       |       |       ||     2
       Short sword       |    30 |   112 |    64 |    19 |       |       |       |       |   241 ||   466
       Rapier            |       |       |   268 |   103 |       |   484 |  1895 |       |       ||  2750
       Dagger            |       |       |       |   641 |  1703 |   569 |       |       |       ||  2913
       Quick blade       |       |       |       |       |       |       |    57 |  2582 |  2315 ||  4954
 Fire: Blowgun           |       |       |       |    45 |    42 |    12 |   132 |    31 |       ||   262
Throw: Stone             |    13 |     9 |    19 |    25 |       |       |       |       |       ||    66
       Tomahawk          |       |       |       |     7 |    15 |     1 |   102 |   219 |   106 ||   450
       Throwing net      |       |       |       |       |     1 |       |     1 |       |       ||     2
 Cast: Magic Dart        |    88 |   164 |   232 |    62 |   142 |     8 |       |       |       ||   696
       Dazzling Spray    |     9 |    36 |    97 |   202 |   390 |   337 |    97 |   144 |   127 ||  1439
       Fulminant Prism   |       |       |     2 |     7 |    13 |   103 |   145 |    56 |    44 ||   370
       Tukima's Dance    |       |       |       |     9 |     8 |    31 |    27 |   133 |    56 ||   264
       Ozocubu's Armour  |       |       |       |       |    33 |    37 |    80 |    82 |    98 ||   330
       Regeneration      |       |       |       |       |    47 |    63 |    99 |    55 |    70 ||   334
       Iskenderun's Batt |       |       |       |       |    10 |     1 |     1 |       |       ||    12
       Summon Butterflie |       |       |       |       |     2 |       |     1 |       |       ||     3
       Apportation       |       |       |       |       |       |     1 |     6 |    53 |    28 ||    88
       Passage of Golubr |       |       |       |       |       |     1 |    21 |     9 |    18 ||    49
       Deflect Missiles  |       |       |       |       |       |       |     1 |     5 |     5 ||    11
       Freezing Cloud    |       |       |       |       |       |       |       |    10 |     9 ||    19
       Dispel Undead     |       |       |       |       |       |       |       |    19 |    61 ||    80
       Bolt of Draining  |       |       |       |       |       |       |       |     3 |    66 ||    69
       Blink             |       |       |       |       |       |       |       |     1 |     8 ||     9
       Invisibility      |       |       |       |       |       |       |       |       |     4 ||     4
       Haste             |       |       |       |       |       |       |       |       |    13 ||    13
       Orb of Destructio |       |       |       |       |       |       |       |       |    21 ||    21
       Dispersal         |       |       |       |       |       |       |       |       |     5 ||     5
Invok: Animate Remains   |       |     3 |     2 |       |       |       |       |       |       ||     5
       Animate Dead      |       |       |       |    10 |    35 |    56 |    30 |    48 |    37 ||   216
       Recall Undead Sla |       |       |       |     2 |     1 |     3 |     5 |     1 |     2 ||    14
 Abil: Evoke Flight      |       |       |       |       |     2 |       |       |       |       ||     2
Evoke: Wand              |       |     1 |       |       |     7 |     6 |     1 |     2 |     1 ||    18
       Deck              |       |       |       |       |       |       |     1 |       |       ||     1
       Fan of gales      |       |       |       |       |       |       |     2 |       |       ||     2
       Lamp of fire      |       |       |       |       |       |       |     1 |     1 |       ||     2
       Phial of floods   |       |       |       |       |       |       |       |     1 |     4 ||     5
       Rod               |       |       |       |       |       |       |       |       |    20 ||    20
       Box of beasts     |       |       |       |       |       |       |       |       |     8 ||     8
  Use: Scroll            |       |       |       |    10 |    17 |     9 |    30 |    15 |    12 ||    93
       Potion            |       |       |       |     2 |       |     2 |     1 |     4 |     5 ||    14
 Stab: Sleeping          |     4 |    15 |     5 |    34 |    58 |    53 |    82 |    21 |    38 ||   310
       Invisible         |     4 |     5 |    22 |    61 |   115 |   112 |    39 |    46 |    95 ||   499
       Distracted        |       |       |       |     7 |    11 |    15 |    27 |    55 |    45 ||   160
       Confused          |       |       |       |       |     1 |       |       |     1 |     1 ||     3
       Held in net/web   |       |       |       |       |     1 |       |     1 |       |       ||     2
       Paralysed         |       |       |       |       |       |       |     1 |       |       ||     1
       Betrayed ally     |       |       |       |       |       |       |       |     1 |       ||     1
  Eat: Bread ration      |       |     1 |     1 |     3 |     3 |     4 |     4 |     4 |     3 ||    23
       Royal jelly       |       |     1 |       |       |     1 |       |     1 |       |     2 ||     5
       Pizza             |       |       |     1 |       |     1 |       |       |       |       ||     2
       Fruit             |       |       |     3 |       |     1 |       |     6 |       |    24 ||    34
